 Dungeon Crawl Stone Soup version 0.19.0-19-g8c6edcc (webtiles) character file.

64 glitchdot the Bolt Thrower (level 4, -1/25 HPs)
             Began as a Kobold Arcane Marksman on Nov 15, 2016.
             Slain by an orc wizard
             ... wielding a +0 dagger
              (3 damage)
             ... on level 4 of the Dungeon.
             The game lasted 00:11:03 (2302 turns).

glitchdot the Bolt Thrower (Kobold Arcane Marksman) Turns: 2302, Time: 00:11:04

Health: -1/25      AC:  5    Str:  8    XL:     4   Next: 32%
Magic:  5/5        EV: 15    Int: 15    God:
Gold:   25         SH:  0    Dex: 14    Spells: 2 memorised, 2 levels left

rFire  . . .     SeeInvis .     a - +0 hand crossbow
rCold  . . .     Gourm    .     e - +1 robe
rNeg   . . .     Faith    .     (shield restricted)
rPois  .         Spirit   .     (no helmet)
rElec  .         Reflect  .     (no cloak)
rCorr  .         Harm     .     (no gloves)
MR     .....                    i - +1 pair of boots
Stlth  +++.......               (no amulet)
                                (no ring)
                                f - ring of stealth

@: no status effects
A: carnivore 3
a: no special abilities


You were on level 4 of the Dungeon.
You were not hungry.

You visited 1 branch of the dungeon, and saw 4 of its levels.

You collected 25 gold pieces.

Inventory:

Hand Weapons
 a - a +0 hand crossbow (weapon)
Missiles
 d - a bolt (quivered)
Armour
 e - a +1 robe (worn)
 i - a +1 pair of boots (worn)
Jewellery
 f - a ring of stealth (left hand)
Wands
 j - a wand of digging (12/24)
Scrolls
 b - 2 scrolls of identify
Potions
 g - a potion of curing
Books
 c - a book of Debilitation

   Spells                             Type                      Level
   a - Corona                         Hexes                        1
   b - Slow                           Hexes                        2
   c - Gell's Gravitas                Hexes/Translocation          3
   d - Inner Flame                    Hexes/Fire                   3
   e - Cause Fear                     Hexes                        4
   f - Leda's Liquefaction            Hexes/Earth                  4


   Skills:
 + Level 1.5 Fighting
 + Level 4.1 Crossbows
 + Level 2.6 Dodging
 + Level 0.8 Stealth
 + Level 1.2 Spellcasting
 + Level 3.5 Hexes


You had 2 spell levels left.
You knew the following spells:

 Your Spells              Type           Power        Failure   Level  Hunger
a - Corona                Hex            ##.....      8%          1    ##.....
b - Slow                  Hex            ##......     12%         2    ###....


Dungeon Overview and Level Annotations

Branches:
Dungeon (4/15)
 Temple: D:4-7

Altars:

Annotations:
D:3 Crazy Yiuf


Innate Abilities, Weirdness & Mutations

You are small and have problems with some larger weapons.
You are carnivorous and can eat meat at any time.


Message History

Really attack while wielding your +0 hand crossbow? [Y]es or [N]o only, please.
Really attack while wielding your +0 hand crossbow? [Y]es or [N]o only, please.
Really attack while wielding your +0 hand crossbow? [Y]es or [N]o only, please.
Really attack while wielding your +0 hand crossbow?
Okay, then.
Evoke which item? (* to show all) (? for menu, Esc to quit)
Zapping:
j - a wand of digging {zapped: 3} (will waste charges)
Press: ? - help, Shift-Dir - straight line, p - orc The rock shatters into small pieces.
Evoking this partially-identified wand wasted a few charges.
The orc wizard casts a spell.
The orc wizard blinks!
The leopard gecko bites you.
* * * LOW HITPOINT WARNING * * *
The leopard gecko bites you.
* * * LOW HITPOINT WARNING * * *
The orc wizard hits you with a dagger.
You die...

######## . #......# ..
#......# ... #......# ....
#......#######.....
+......'.ol........
##......####.#######
+...........oo@.####### ###
##..................... ..#
....###..####.#.##########.#
.... ##.# #.#.........##.#
... #.# #.#.........##.# ..
#.# #.#.........##.#### ...
.............'...... ##.
....#......(.##.####
.....###.....###.# #


You could see an orc wizard, 2 orcs and a leopard gecko.

Vanquished Creatures
  Terence (D:3)
  A gnoll (D:2)
  An ooze (D:1)
  An orc (D:4)
  5 bats
  A giant cockroach (D:1)
  2 goblins
  4 hobgoblins
  A quokka (D:2)
  3 kobolds
  4 rats
24 creatures vanquished.

Notes
Turn   | Place    | Note
-------+----------+-------------------------------------------
     0 | D:1      | glitchdot the Kobold Arcane Marksman began the quest for the Orb.
     0 | D:1      | Reached XP level 1. HP: 12/12 MP: 2/2
   429 | D:1      | Reached XP level 2. HP: 8/16 MP: 3/3
   830 | D:2      | Reached skill level 3 in Crossbows
   830 | D:2      | Reached XP level 3. HP: 12/20 MP: 4/4
   977 | D:2      | Learned a level 2 spell: Slow
  1858 | D:3      | Noticed Terence
  1865 | D:3      | Killed Terence
  1865 | D:3      | Reached XP level 4. HP: 25/25 MP: 2/5
  1867 | D:3      | Reached skill level 4 in Crossbows
  2000 | D:3      | Found a runed door.
  2004 | D:3      | Noticed Crazy Yiuf
  2234 | D:4      | HP: 1/25 [orc/flail (7)]
  2302 | D:4      | Slain by an orc wizard

Skill      XL: |  1  2  3  4 |
---------------+-------------+-----
Crossbows      | 3 4 |  4.1
Fighting       | |  1.5
Dodging        | |  2.6
Stealth        | |  0.8
Spellcasting   | |  1.2
Hexes          | |  3.5

Action                   |  1- 3 |  4- 6 || total
-------------------------+-------+-------++-------
Melee: Hand crossbow     |       |     1 ||     1
 Fire: Hand crossbow     |    51 |    17 ||    68
 Cast: Corona            |     4 |     2 ||     6
       Slow              |     1 |     3 ||     4
Evoke: Wand              |       |     2 ||     2
  Use: Potion            |     5 |     2 ||     7
       Scroll            |     5 |       ||     5
  Eat: Meat ration       |     1 |       ||     1
Armor: Robe              |     2 |     9 ||    11
Dodge: Dodged            |    24 |    24 ||    48
